 Dungeon Crawl Stone Soup version 0.27.1-3-gb3d3a73c9e (webtiles) character file.

Game seed: 8001679879581110307

63 Descartes the Conjurer (level 3, -4/19 HPs)
             Began as a Deep Elf Wanderer on Oct 29, 2021.
             Killed from afar by Sigmund (12 damage)
             ... with a puff of flame
             ... on level 2 of the Dungeon.
             The game lasted 00:03:16 (1686 turns).

Descartes the Conjurer (Deep Elf Wanderer)          Turns: 1686, Time: 00:03:16

Health: -4/19      AC:  5    Str:  7    XL:     3   Next: 87%
Magic:  3/9        EV: 11    Int: 20    God:
Gold:   106        SH:  0    Dex: 13    Spells: 4/8 levels left

rFire    . . .     SeeInvis .   p - +2 dagger (drain)
rCold    . . .     Faith    .   (no shield)
rNeg     . . .     Spirit   .   b - +0 robe
rPois    .         Reflect  .   g - +2 helmet
rElec    .         Harm     .   (no cloak)
rCorr    .         Rampage  .   (no gloves)
Will     .....                  (no boots)
Stlth    +.........             (no amulet)
HPRegen  0.06/turn              (no ring)
MPRegen  0.11/turn              (no ring)

@: very slightly contaminated
A: no striking features
a: no special abilities


You were on level 2 of the Dungeon.
You visited 1 branch of the dungeon, and saw 2 of its levels.

You collected 106 gold pieces.

Inventory:

Hand Weapons
 a - a +0 dagger
 c - a +0 hunting sling
 h - a +2 hand axe of venom
 p - a +2 dagger of draining (weapon)
Missiles
 j - 60 stones
 k - 28 arrows
Armour
 b - a +0 robe (worn)
 g - a +2 helmet (worn)
Scrolls
 d - a scroll of acquirement {unknown}
 e - a scroll of identify {unknown}
 f - 2 scrolls of noise {unknown}
 l - a scroll of torment {unknown}
 o - a scroll of magic mapping {unknown}
Potions
 i - a potion of cancellation {unknown}
 m - a potion of ambrosia {unknown}
 n - 2 potions of curing {unknown}


   Skills:
 - Level 1.0 Throwing
 - Level 3.0 Spellcasting
 + Level 6.9 Conjurations
 + Level 1.4 Hexes
 - Level 1.1 Evocations


You had 4 spell levels left.
You knew the following spells:

 Your Spells              Type           Power      Damage    Failure   Level
a - Magic Dart            Conj           100%       1d8       1%          1
b - Confusing Touch       Hex            8%         N/A       24%         3

Your spell library contained the following spells:

 Spells                   Type           Power      Damage    Failure   Level
 Searing Ray              Conj           60%        3d5       1%          2
 Dazzling Flash           Conj/Hex       38%        N/A       8%          3
 Slow                     Hex            8%         N/A       12%         2
 Passwall                 Tmut/Erth      2%         N/A       22%         2
 Wereblood                Tmut           3%         N/A       22%         2
 Fulminant Prism          Conj/Hex       9%         3d7       26%         4
 Iskenderun's Mystic Bla  Conj/Tloc      16%        2d5       34%         4
 Yara's Violent Unravell  Hex/Tmut       2%         3d3       96%         5


Dungeon Overview and Level Annotations

Branches:
Dungeon (2/15)

Altars:

Annotations:
D:2 Sigmund


Message History

Unknown command.
Casting: Magic Dart (safe; 1% risk of failure)
Confirm with . or Enter, or press ? or * to list all spells.
Aiming: Magic Dart (safe; 1% risk of failure)
Press: ? - help, Shift-Dir - straight line, f/p - Sigmund
Aim: Sigmund, wielding a +0 scythe and wearing a +0 robe (moderately wounded, 100% to hit)
You miscast Magic Dart.
You are very lightly contaminated with residual magic.
Nothing appears to happen.
Sigmund's eyes start glowing with a red light.
Casting: Magic Dart (safe; 1% risk of failure)
Confirm with . or Enter, or press ? or * to list all spells.
Aiming: Magic Dart (safe; 1% risk of failure)
Press: ? - help, Shift-Dir - straight line, f/p - Sigmund
Aim: Sigmund, wielding a +0 scythe and wearing a +0 robe (moderately wounded, 100% to hit)
The magic dart hits Sigmund.
Sigmund is heavily wounded.
Casting: Magic Dart (safe; 1% risk of failure)
Confirm with . or Enter, or press ? or * to list all spells.
Aiming: Magic Dart (safe; 1% risk of failure)
Press: ? - help, Shift-Dir - straight line, f/p - Sigmund
Aim: Sigmund, wielding a +0 scythe and wearing a +0 robe (heavily wounded, 100% to hit)
The magic dart hits Sigmund.
Sigmund is severely wounded.
Sigmund hits you from afar with a +0 scythe.
Casting: Magic Dart (safe; 1% risk of failure)
Confirm with . or Enter, or press ? or * to list all spells.
Aiming: Magic Dart (safe; 1% risk of failure)
Press: ? - help, Shift-Dir - straight line, f/p - Sigmund
Aim: Sigmund, wielding a +0 scythe and wearing a +0 robe (severely wounded, 100% to hit)
The magic dart hits Sigmund!
Sigmund is almost dead.
Sigmund screams, "Die, monster!"
Sigmund casts a spell.
Sigmund flickers and vanishes!
Deactivating autopickup; reactivate with Ctrl-A.
A puff of flame appears from out of thin air!
The puff of flame hits you!
Ouch! That really hurt!
You die...

.......(.
....... .....
... #{# #.#
#.#
##########.##
..........@.##
########.....#
#....#########
#.#.##........
#......#######
###.#### #.#
#.# #### #.#
#..#


There were no monsters in sight!

Vanquished Creatures
  Jessica (D:2)
  3 dart slugs
  2 ball pythons (D:1)
  A bat (D:1)
  2 endoplasms (D:1)
  A giant cockroach (D:1)
  4 goblins
  3 hobgoblins
  4 jackals (D:1)
  4 quokkas
  A frilled lizard (D:1)
26 creatures vanquished.

Notes
Turn   | Place    | Note
-------+----------+-------------------------------------------
     0 | D:1      | Descartes the Deep Elf Wanderer began the quest for the
                  | Orb.
     0 | D:1      | Descartes set off with the following items: a +0 dagger, a
                  | +0 robe; and the following spell memorised: Magic Dart; and
                  | the following spells available to memorise: Searing Ray,
                  | Dazzling Flash, Passwall, Wereblood, Fulminant Prism,
                  | Iskenderun's Mystic Blast
     0 | D:1      | Reached XP level 1. HP: 10/10 MP: 6/6
   462 | D:1      | Reached XP level 2. HP: 15/15 MP: 6/8
   493 | D:1      | Reached skill level 6 in Conjurations
  1279 | D:2      | Reached XP level 3. HP: 19/19 MP: 6/9
  1565 | D:2      | Noticed Jessica
  1568 | D:2      | Killed Jessica
  1613 | D:2      | Learned a level 3 spell: Confusing Touch
  1676 | D:2      | Noticed Sigmund
  1686 | D:2      | Killed from afar by Sigmund

Illustrated notes

Levels and vault maps discovered:
D:1:      nicolae_arrival_somewhat_less_tricky_arrival, layout_basic,
          minmay_quantized
D:2:      layout_loops_corners, shapermc_ecumenical_altar_petra, st_stairs_12,
          minmay_pentomino_x2, uniq_sigmund, uniq_jessica

Skill      XL: |  1  2 |
---------------+-------+-----
Conjurations   | 6 |  6.9
Throwing       | |  1.0
Spellcasting   | |  3.0
Hexes          | |  1.4
Evocations     | |  1.1

Action                   || total
-------------------------++-------
 Cast: Magic Dart        ||    58
Dodge: Dodged            ||     1
